Map: Beckett Industries LE

Players

bean

  • Race: Terran Terran
  • League: Platinum

Glen - Winner!

  • Race: Terran Terran
  • League: Gold

VOD

Have the link to the VOD?

Description

Time

  • Played on: Dec. 21, 2021, 9:50 p.m.
  • Length: 16:24
Show
View Real Time Build Order
Export as new Build Order

bean Terran 

Build Orders:  

Get SALT Encoding   

  12  0:00  SCV  
  13  0:12  SCV  
  14  0:17  Supply Depot  
  14  0:24  SCV  
  15  0:38  SCV  
  16  0:45  Barracks  
  16  0:50  SCV, Refinery  
  17  1:03  SCV  
  18  1:15  SCV  
  19  1:27  SCV  
  20  1:35  Supply Depot  
  20  1:41  Marine  
  20  1:45  Orbital Command  
  21  2:01  Command Center, Barracks Reactor  
  21  2:24  SCV  
  21  2:29  Barracks  
  22  2:30  Barracks  
  22  2:39  Marine x2  
  23  2:49  SCV  
  23  2:52  Refinery  
  23  2:56  Factory  
  23  3:01  Marine  
  23  3:02  Marine  
  24  3:21  Barracks Tech Lab x2  
  24  3:33  SCV  
  24  3:41  Stimpack  
  24  3:44  Marine x4  
  24  3:45  SCV  
  28  3:57  Starport, SCV  
  28  4:01  Marine  
  28  4:02  Marine x2  
  32  4:03  SCV  
  32  4:09  SCV  
  34  4:10  Factory Reactor  
  34  4:11  Marine  
  35  4:23  Supply Depot  
  35  4:25  Orbital Command  
  35  4:28  Marine  
  36  4:38  SCV  
  37  4:50  SCV  
  38  4:53  Engineering Bay  
  38  4:54  Factory Tech Lab, SCV  
  38  4:55  Marine x2  
  38  4:56  Marine  
  42  5:01  Combat Shield  
  42  5:02  SCV  
  42  5:05  Supply Depot  
  42  5:06  SCV  
  44  5:15  Marine x3, SCV  
  44  5:16  Marine  
  44  5:21  SCV  
  50  5:25  Siege Tank  
  50  5:27  SCV  
  54  5:29  Medivac  
  54  5:31  Medivac  
  54  5:33  SCV  
  59  5:37  Supply Depot  
  59  5:43  Supply Depot, Marine x2  
  59  5:44  Marine  
  62  5:53  Terran Infantry Weapons Level 1  
  62  5:59  Marine, SCV  
  62  6:01  Marine x2  
  62  6:02  Marine  
  67  6:19  Supply Depot, Marine, SCV x2  
  67  6:20  Supply Depot, Marine x3  
  67  6:25  Medivac x2  
  75  6:31  SCV  
  78  6:35  Refinery  
  78  6:40  Marine x4, SCV  
  78  6:43  SCV  
  78  6:44  Siege Tank  
  87  6:53  SCV  
  85  6:55  SCV  
  85  6:58  Marine x3  
  85  6:59  Marine  
  85  7:01  Medivac  
  90  7:05  Refinery, SCV  
  90  7:08  SCV  
  92  7:16  Marine x2  
  94  7:27  Supply Depot  
  94  7:28  Supply Depot  
  94  7:33  Marine x2, SCV x2  
  94  7:34  Marine x2  
  100  7:49  Siege Tank  
  100  7:50  Marine x2  
  105  7:51  Marine x2  
  105  7:52  Supply Depot  
  105  7:54  Supply Depot  
  94  8:08  Marine x2  
  94  8:09  Marine x2  
  94  8:10  Medivac  
  97  8:15  Supply Depot, Barracks  
  97  8:16  Barracks, Supply Depot  
  93  8:21  Widow Mine  
  93  8:26  Marine x2  
  97  8:27  Marine x2  
  99  8:36  Engineering Bay  
  99  8:37  Armory, Terran Infantry Armor Level 1  
  99  8:38  Concussive Shells  
  99  8:42  Siege Tank  
  99  8:44  Marine x2  
  99  8:45  Marine x2  
  106  9:01  Supply Depot x2  
  106  9:02  Marine x2  
  108  9:03  Marine x2  
  108  9:15  Marine x2  
  110  9:20  Marine x4  
  110  9:24  Supply Depot  
  114  9:25  Supply Depot  
  114  9:26  Terran Infantry Weapons Level 2  
  114  9:28  Terran Vehicle Weapons Level 1  
  114  9:33  Marine  
  113  10:02  Marine x3  
  113  10:04  Barracks Tech Lab  
  117  10:11  Barracks Reactor  
  117  10:12  Marine  
  117  10:15  Medivac x2  
  117  10:17  Siege Tank  
  117  10:18  SCV  
  117  10:19  SCV  
  117  10:20  Marine x3  
  129  10:29  Marine  
  130  10:37  Marine  
  130  10:38  Marine  
  130  10:39  Marauder  
  134  10:48  Marauder  
  134  10:57  Marine x2  
  134  10:58  Marine x3  
  134  11:00  Marauder  
  141  11:09  Marauder  
  135  11:15  Marine x3  
  135  11:16  Marine x2  
  127  11:21  Marauder  
  127  11:25  Command Center  
  129  11:30  Marine  
  130  11:33  Marine x5  
  129  11:42  Marine  
  130  11:48  Marine  
  130  11:51  Marine x5  
  127  12:00  Marine  
  123  12:06  Marine  
  124  12:09  Marine x4  
  96  12:23  Marine x3  
  96  12:26  Marine  
  96  12:27  Marine x3  
  95  12:41  Marine x3  
  87  12:44  Marine x3  
  87  12:45  Marine  
  87  12:50  Orbital Command  
  92  12:51  SCV x2  
  92  12:55  Refinery  
  90  12:59  Marine x3  
  90  13:02  Marine x4  
  90  13:03  SCV x2  
  97  13:15  SCV x2  
  97  13:16  Marine  
  97  13:17  Marine x2  
  97  13:18  SCV  
  103  13:20  Marine x3  
  106  13:27  SCV  
  106  13:30  SCV  
  108  13:40  Refinery  
  108  13:42  SCV  
  108  13:47  Marine  
  108  13:48  Marine  
  111  13:55  Command Center  
  111  14:07  SCV x2  
  111  14:09  SCV  
  114  14:16  Marine  
  114  14:17  Marine x6  
  115  14:19  SCV x2  
  115  14:20  Siege Tank  
  115  14:21  SCV  
  125  14:31  SCV  
  125  14:35  Marauder x2  
  125  14:36  Marauder  
  132  14:41  Marine x2  
  132  14:42  Marine x2  
  132  14:45  Medivac x2  
  140  14:52  Siege Tank  
  143  14:56  Marine  
  143  14:57  Marauder x2  
  143  14:59  Marine x2  
  140  15:02  SCV x3  
  143  15:11  Planetary Fortress  
  143  15:14  Refinery, SCV x2  
  143  15:15  Marauder  
  143  15:18  Marauder x2  
  151  15:24  Marine  
  151  15:25  Marine x3  
  151  15:26  Siege Tank  
  151  15:28  Viking x2  
  159  15:36  Marauder  
  159  15:39  Marine x2  
  104  16:12  SCV x3  
Show
View Real Time Build Order
Export as new Build Order

Glen Terran - Winner!

Build Orders:  

Get SALT Encoding   

  12  0:03  SCV  
  13  0:15  SCV  
  13  0:18  Supply Depot  
  14  0:27  SCV  
  15  0:32  Refinery  
  15  0:40  SCV  
  16  0:47  Barracks  
  16  0:52  SCV  
  17  1:04  SCV  
  18  1:16  SCV  
  19  1:28  SCV  
  20  1:40  SCV  
  20  1:42  Reaper  
  22  1:47  Command Center  
  22  1:52  SCV  
  23  2:06  Orbital Command  
  23  2:16  Supply Depot  
  23  2:18  Factory  
  23  2:22  Barracks Reactor  
  23  2:38  SCV  
  24  2:47  Refinery  
  24  2:50  SCV  
  25  2:59  Orbital Command  
  25  3:02  SCV  
  25  3:03  Factory Tech Lab, Marine x2  
  28  3:14  SCV  
  29  3:26  SCV  
  30  3:32  Siege Tank, Marine  
  30  3:33  Marine  
  34  3:34  SCV  
  34  3:39  SCV  
  36  3:47  SCV  
  37  3:50  Marine x2  
  37  3:51  SCV  
  37  3:55  Starport  
  40  3:57  Command Center  
  40  3:59  SCV  
  40  4:02  Supply Depot  
  41  4:03  SCV  
  41  4:07  Supply Depot  
  42  4:10  Siege Tank  
  42  4:15  SCV  
  46  4:23  Marine x2, SCV  
  49  4:26  Engineering Bay  
  49  4:27  SCV  
  50  4:32  Supply Depot  
  50  4:35  SCV  
  51  4:39  SCV  
  51  4:40  Starport Reactor  
  52  4:48  SCV  
  52  4:51  SCV  
  54  4:54  Terran Infantry Weapons Level 1, Refinery  
  54  4:55  Engineering Bay  
  54  4:57  Marine x2  
  56  5:00  SCV  
  56  5:03  Barracks, SCV  
  56  5:06  Barracks  
  58  5:12  SCV  
  59  5:15  Marine x2, SCV  
  59  5:20  Orbital Command  
  62  5:22  Siege Tank  
  62  5:24  SCV  
  62  5:25  Supply Depot  
  62  5:27  SCV  
  67  5:29  Medivac  
  67  5:32  Marine  
  67  5:33  Marine  
  71  5:36  SCV  
  71  5:40  Terran Infantry Armor Level 1, SCV  
  72  5:48  SCV  
  73  5:50  Marine x2  
  73  5:52  Barracks Tech Lab, SCV  
  73  5:55  Factory, Barracks Reactor  
  76  6:00  SCV x2  
  76  6:04  SCV  
  79  6:05  Supply Depot, Refinery  
  79  6:06  Supply Depot  
  79  6:11  Medivac  
  79  6:12  SCV  
  79  6:15  Stimpack  
  79  6:16  SCV  
  83  6:19  SCV  
  83  6:21  Marine x3  
  83  6:24  SCV  
  88  6:25  Supply Depot  
  88  6:31  Supply Depot  
  88  6:32  Supply Depot  
  88  6:33  Supply Depot  
  88  6:39  Marine x3  
  91  6:44  Barracks  
  91  6:45  Barracks  
  91  6:47  Barracks  
  89  6:56  Marine  
  89  6:57  Marine x2  
  89  6:58  Marine x2  
  90  7:02  Factory Tech Lab  
  90  7:03  Siege Tank  
  90  7:04  Orbital Command  
  93  7:14  Marine x2  
  93  7:15  Marine  
  96  7:16  Marine x2, Viking x2  
  102  7:30  SCV  
  102  7:31  SCV x2  
  102  7:32  Marine x2  
  102  7:33  Marauder, Marine  
  102  7:34  Marine  
  102  7:35  Siege Tank  
  114  7:37  Barracks Tech Lab  
  114  7:39  Barracks Reactor x2  
  114  7:42  SCV  
  114  7:43  Siege Tank  
  118  7:49  SCV  
  118  7:50  Marine x2, SCV  
  122  7:51  Marine  
  122  7:53  Supply Depot  
  122  7:54  Marauder, Supply Depot, SCV  
  122  7:56  Armory  
  123  8:01  SCV  
  112  8:16  Marauder, Barracks Reactor  
  112  8:17  Combat Shield  
  114  8:21  SCV x3  
  114  8:26  Refinery x2  
  117  8:31  Command Center  
  117  8:33  Siege Tank x2, SCV x2  
  117  8:34  SCV  
  126  8:42  Marauder x2, Supply Depot, Marine x2  
  126  8:43  Marine x4  
  126  8:45  SCV x2  
  126  8:46  SCV  
  126  8:47  Supply Depot  
  139  8:53  Medivac  
  141  8:57  SCV  
  141  8:58  SCV x2  
  141  9:00  Marine x3  
  141  9:01  Marine x3  
  150  9:03  Marauder  
  150  9:09  SCV  
  153  9:10  SCV x2  
  155  9:22  SCV x3  
  158  9:24  Concussive Shells  
  158  9:34  SCV x3  
  160  9:48  SCV  
  160  9:49  Orbital Command  
  152  9:53  Terran Infantry Armor Level 2, Terran Infantry Weapons Level 2  
  152  9:55  Command Center  
  152  9:56  Terran Vehicle Weapons Level 1  
  152  9:59  Armory  
  152  10:02  Marine x2  
  152  10:03  Marauder x2, Armory, Marine x5  
  163  10:24  Marauder x2  
  163  10:26  Orbital Command  
  167  10:45  Marauder  
  167  10:46  Marauder  
  167  10:48  SCV  
  172  10:56  Marine x2  
  172  10:57  Marine x5  
  173  11:00  SCV  
  176  11:07  Marauder x2  
  167  11:12  SCV  
  167  11:17  Marine x4  
  167  11:18  Marine x4  
  158  11:27  Orbital Command  
  158  11:28  Marauder x2  
  158  11:32  Factory  
  162  11:33  Factory  
  162  11:34  Terran Vehicle And Ship Armor Level 1, Marine  
  162  11:35  Terran Ship Weapons Level 1, Marine x4  
  162  11:36  Marine x3  
  169  11:50  Marauder x2, Viking x2  
  169  11:52  Marine x2  
  169  11:53  Marine x4  
  183  11:54  Marine x2  
  169  12:10  Marine x2  
  169  12:11  Marauder x2, Marine x4  
  169  12:12  Marine x2  
  151  12:20  Siege Tank x2, Viking  
  157  12:28  Marine x2  
  157  12:29  Marine  
  142  12:32  Marauder, Factory Tech Lab  
  142  12:33  Marauder, Factory Tech Lab  
  141  12:45  Orbital Command  
  139  12:52  Siege Tank x2  
  139  12:54  Marauder x2  
  149  13:10  Medivac x2  
  153  13:14  Command Center  
  153  13:15  Marauder x2  
  153  13:16  Siege Tank x2  
  153  13:17  Command Center  
  163  13:20  Command Center  
  163  13:22  Marine  
  163  13:23  Marine x5  
  163  13:24  Command Center, Siege Tank, Marine x2  
  163  13:25  Command Center  
  174  13:27  Command Center  
  174  13:29  Command Center  
  174  13:30  Refinery  
  174  13:31  Refinery  
  174  13:36  Marauder  
  174  13:37  Marauder  
  174  13:40  Medivac, Viking, Marine x2  
  174  13:41  Marine x2  
  186  13:57  Marine  
  186  13:58  Marauder x2, Marine x4  
  186  13:59  Marine x3  
  186  14:00  Terran Vehicle And Ship Armor Level 2, Terran Vehicle Weapons Level 2  
  198  14:10  Viking  
  198  14:13  Refinery  
  198  14:14  Refinery  
  200  14:32  Orbital Command  
  200  14:34  Orbital Command  
  200  14:36  Planetary Fortress  
  200  14:37  Planetary Fortress  
  200  14:44  Command Center  
  200  14:45  Command Center  
  200  15:15  Starport  
  200  15:17  Planetary Fortress  
  200  15:19  Sensor Tower, Orbital Command x2  
  186  15:50  Marine x2  
  186  15:52  Siege Tank x3, Marine x2  
  186  15:53  Marauder x2, Marine x4  
  190  16:01  Starport Reactor  
  190  16:03  Starport  
  187  16:05  Armory  
  192  16:16  Command Center  
  189  16:20  Command Center  
Tags
 
Add a new tag
Caveats
  • Supply blocks, unpowered buildings, or Contaminate may cause inaccurate times.
  • Supply counts are checked every 10 seconds.